 Dungeon Crawl Stone Soup version 0.30-b1-2-g02819fbbbe (webtiles) character file.

Game seed: 13339660649392874890

7134 Bobz the Severer (level 11, -2/99 HPs)
             Began as a Hill Orc Chaos Knight on May 15, 2023.
             Was a Plaything of Xom.
             Killed by divine providence
             ... invoked by a meliai
              (9 damage)
             ... on level 10 of the Dungeon.
             The game lasted 00:40:30 (7166 turns).

Bobz the Severer (Hill Orc Chaos Knight)            Turns: 7166, Time: 00:40:35

Health: -2/99      AC: 14    Str: 26    XL:     11   Next: 10%
Magic:  12/12      EV: 17    Int: 12    God:    Xom [.*....]
Gold:   490        SH:  9    Dex: 13    Spells: 10/10 levels left

rFire   . . .        v - +2 war axe (freeze)
rCold   . . .        T - +1 kite shield of Foug {Dex+3 Slay+3}
rNeg    . . .        k - +0 acid dragon scales
rPois   .            u - +0 helmet
rElec   .            S - +0 cloak
rCorr   +            l - +2 pair of gloves
SInv    .            (no boots)
Will    +....        (no amulet)
Stlth   +++          d - +6 ring of strength
HPRegen 0.00/turn    t - +5 ring of evasion
MPRegen 0.13/turn

%: clarity
@: about to teleport, inhibited regen
A: claws 1, thin skeletal structure 1, clarity, clumsy 1, high MP 1,
strong-willed 1, shaggy fur 1, inhibited regeneration, MP-powered wands
a: Renounce Religion


You were on level 10 of the Dungeon.
You worshipped Xom.
You were a plaything of Xom.
You visited 1 branch of the dungeon, and saw 10 of its levels.

You collected 720 gold pieces.
You spent 230 gold pieces at shops.

Inventory:

Hand Weapons
 a - a +0 hand axe of chaos
 m - a +1 whip of venom
 v - a +2 war axe of freezing (weapon)
 y - a +1 short sword of venom
 A - a +2 short sword of electrocution
 E - a +4 long sword of freezing
 F - a +0 dagger of speed
 G - a +4 whip
 I - a +3 short sword
 L - a +5 trident of venom
 O - a +1 whip of electrocution
 Q - a +1 morningstar of protection
Missiles
 h - 10 poisoned darts
 D - 7 boomerangs
 J - a javelin
 W - 5 atropa-tipped darts
Armour
 k - +0 acid dragon scales (worn)
 l - a +2 pair of gloves (worn)
 u - a +0 helmet (worn)
 z - a +2 robe of fire resistance
 M - an orb of light
 S - a +0 cloak (worn)
 T - the +1 kite shield of Foug (worn) {Dex+3 Slay+3}
   (You acquired it on level 9 of the Dungeon)

   Dex:       It affects your dexterity (+3).
   Slay:      It affects your accuracy & damage with ranged weapons and melee
   (+3).
Jewellery
 d - a +6 ring of strength (left hand)
 g - a +4 ring of protection
 n - a +4 ring of protection
 o - a ring of fire
 p - a +4 ring of protection
 t - a +5 ring of evasion (right hand)
Wands
 B - a wand of mindburst (21)
 P - a wand of charming (15)
 R - a wand of flame (4)
Scrolls
 b - 3 scrolls of amnesia
 e - 7 scrolls of teleportation
 w - a scroll of blinking
 x - 3 scrolls of identify
 U - a scroll of fear
 V - a scroll of acquirement
Potions
 f - 2 potions of haste
 i - 2 potions of ambrosia
 j - a potion of might
 q - a potion of berserk rage
 r - 3 potions of curing
 s - 5 potions of heal wounds
 C - a potion of brilliance
 H - 3 potions of invisibility
 K - a potion of resistance
 N - a potion of flight
Miscellaneous
 c - a piece from Xom's chessboard (15/15) (quivered)


   Skills:
 + Level 9.9 Fighting
 + Level 15.7 Axes
 + Level 1.0(8.6) Polearms
 + Level 5.9 Armour
 + Level 5.1 Dodging
 + Level 2.4 Stealth
 + Level 2.1 Shields


You had 10 spell levels left.
You didn't know any spells.
Your spell library contained the following spells:

 Spells                   Type           Power      Damage    Failure   Level
 Apportation              Tloc           0%         N/A       63%         1
 Blink                    Tloc           0%         N/A       77%         2
 Ensorcelled Hibernation  Hex/Ice        0%         N/A       77%         2
 Lesser Beckoning         Tloc           0%         N/A       77%         2
 Momentum Strike          Conj/Tloc      0%         3d8       77%         2
 Hailstorm                Conj/Ice       0%         3d3       94%         3
 Spider Form              Tmut/Pois      0%         N/A       94%         3
 Summon Guardian Golem    Hex/Summ       0%         N/A       94%         3
 Anguish                  Hex/Necr       0%         N/A       100%        4
 Ice Form                 Ice/Tmut       0%         N/A       100%        4
 Summon Lightning Spire   Summ/Air       0%         N/A       100%        4
 Simulacrum               Ice/Necr       0%         N/A       100%        6
 Monstrous Menagerie      Summ           0%         N/A       100%        7
 Orb of Destruction       Conj           0%         9d5       100%        7
 Spellforged Servitor     Conj/Summ      0%         N/A       100%        7


Dungeon Overview and Level Annotations

Branches:
Dungeon (10/15)            Temple (0/1) D:7
   Lair: D:8-11         Orc: D:9-12

Altars:
Ashenzari
Cheibriados
Dithmenos
Fedhas
Gozag
Okawaru
Trog
Xom
Yredelemnul
Zin
The Shining One

Shops:
D:6 ?


Innate Abilities, Weirdness & Mutations

You have sharp fingernails.
You have a somewhat thin skeletal structure. (Dex +2, Stealth+)
You possess an exceptional clarity of mind.
You are clumsy. (Dex -2)
You have an increased reservoir of magic. (+10% MP)
You are strong-willed. (Will+)
You are covered in fur. (AC +1)
You do not regenerate when monsters are visible.
You expend magic power (3 MP) to strengthen your wands.


Message History

Okay, then.
HP restored.
Items here: )) [[ ††.
Found 10 stones.
You now have 490 gold pieces (gained 16).
There is a stone staircase leading down here.
Items here: ) [ ††.
Items here: )) [[ ††.
A meliai comes into view.
It is wielding a +1 hand axe of distortion.
A centaur comes into view.
The meliai moves out of view.
A meliai comes into view. It is wielding a +0 hand axe.
The centaur shouts!
You hear an angry buzzing noise. x3
The meliai invokes the aid of its god against you.
Something smites you!
The centaur wields a +0 shortbow.
The centaur shoots an arrow.
The arrow barely misses you.
A meliai comes into view. It is wielding a +0 hand axe.
The centaur shoots an arrow.
The arrow closely misses you.
The meliai mumbles some strange prayers to its god against you.
Something smites you!
The meliai invokes the aid of its god against you.
Something smites you!
You slash the meliai! You freeze the meliai.
The meliai is heavily wounded.
The meliai hits you with a +1 hand axe of distortion.
Space warps horribly around you!! The meliai closely misses you.
The meliai hits you with a +1 hand axe of distortion!
* * * LOW HITPOINT WARNING * * *
Space warps around you.
* * * LOW HITPOINT WARNING * * *
You block the meliai's attack.
As you read the scroll of teleportation, it crumbles to dust.
You feel strangely unstable. The meliai hits you but does no damage.
Space warps horribly around you!
* * * LOW HITPOINT WARNING * * *
You block the meliai's attack.
The meliai mumbles some strange prayers to its god against you.
Something smites you!
You die...
Xom chortles!

##.#.#.# .......# ...#<..# #
...#...### '. .........# .#
...#..#..# ..# ...#†)#..#
...##
...#†.)..#############......
#....)).........@ycyy.......
#.##.##..#############.#y...
#.#...#..# # .
#.#.#.#..########
#.#.#.#..........
..#...........(..
#####.#..........
#.....#..........
#.#####..........


You could see 3 meliai and a centaur.

Vanquished Creatures
  A two-headed ogre (D:10)
  Pikel (D:8)
  A harpy (D:9)
  A wraith (D:7)
  8 yaks
  A hog (D:9)
  2 water moccasins
  Duvessa (D:4)
  An ice beast (D:5)
  2 orc warriors
  A sky beast (D:7)
  2 ogres
  3 centaurs
  4 phantoms
  A lemure (D:8)
  A kobold brigand (D:6)
  Blork the orc (D:4)
  3 gnoll sergeants
  4 bullfrogs
  A scorpion (D:4)
  A wight (D:7)
  9 killer bees
  2 howler monkeys
  2 hounds
  3 jellies
  4 orc priests
  A gnoll bouda (D:9)
  A sleepcap (D:6)
  2 iguanas
  8 orc wizards
  25 gnolls
  9 adders
  3 white imps
  2 ufetubi (D:6)
  3 worms
  A dart slug (D:3)
  24 orcs
  5 endoplasms
  A giant cockroach (D:4)
  7 goblins
  14 hobgoblins
  2 jackals (D:3)
  3 quokkas
  3 ball pythons
  6 bats
  3 frilled lizards
  13 kobolds
  2 rats
199 creatures vanquished.

Vanquished Creatures (collateral kills)
  Sigmund (D:4)
  An orc warrior (D:7)
  A scorpion (D:7)
  3 wights (D:7)
  Dowan (D:4)
  2 killer bees (D:8)
  An orc wizard (D:7)
  5 orcs
  An endoplasm (D:4)
  A hobgoblin (D:4)
  A kobold (D:4)
18 creatures vanquished.

Vanquished Creatures (others)
  A fungus (D:10)
  A plant (D:10)
2 creatures vanquished.

Grand Total: 219 creatures vanquished

Notes
Turn   | Place    | Note
-------+----------+-------------------------------------------
     0 | D:1      | Bobz the Hill Orc Chaos Knight began the quest for the Orb.
     0 | D:1      | Reached XP level 1. HP: 19/19 MP: 1/1
   176 | D:1      | XOM is BORED!
   176 | D:1      | XOM: summons 1 hostile demon
   251 | D:1      | Reached XP level 2. HP: 27/27 MP: 2/2
   261 | D:1      | XOM: give mutations
   261 | D:1      | Gained mutation: You possess an exceptional clarity of
                  | mind. [Xom's grace]
   261 | D:1      | Gained mutation: You are strong-willed. (Will+) [Xom's
                  | grace]
   542 | D:1      | Reached XP level 3. HP: 33/33 MP: 3/3
   817 | D:2      | Reached skill level 1 in Dodging
   858 | D:2      | Reached skill level 5 in Axes
   881 | D:2      | Reached XP level 4. HP: 40/40 MP: 4/4
   978 | D:2      | XOM: 9-stop teleportation journey
  1080 | D:2      | XOM: 5-stop teleportation journey
  1694 | D:3      | XOM: cloud trail
  1723 | D:3      | XOM: 5-stop teleportation journey
  1725 | D:3      | Found a snail-covered altar of Cheibriados.
  1866 | D:3      | Reached XP level 5. HP: 47/47 MP: 5/5
  1904 | D:3      | Reached skill level 6 in Axes
  1966 | D:3      | Found a bloodstained altar of Trog.
  1967 | D:3      | Found a basalt altar of Yredelemnul.
  2001 | D:3      | XOM: divination: detect items
  2344 | D:4      | Noticed Blork the orc
  2362 | D:4      | Killed Blork the orc
  2363 | D:4      | Reached XP level 6. HP: 21/53 MP: 6/6
  2469 | D:4      | XOM: 1-stop teleportation journey
  2479 | D:4      | Noticed Duvessa
  2479 | D:4      | Noticed Dowan
  2488 | D:4      | Killed Duvessa
  2489 | D:4      | Reached skill level 7 in Axes
  2493 | D:4      | Killed Dowan
  2494 | D:4      | Reached skill level 1 in Stealth
  2499 | D:4      | Noticed Sigmund
  2502 | D:4      | Killed Sigmund
  2503 | D:4      | Reached skill level 5 in Fighting
  2503 | D:4      | Reached skill level 8 in Axes
  2503 | D:4      | Reached XP level 7. HP: 41/61 MP: 7/7
  2620 | D:4      | Found a shadowy altar of Dithmenos.
  2660 | D:4      | Found an opulent altar of Gozag.
  2684 | D:4      | XOM: give mutations
  2684 | D:4      | Gained mutation: You are clumsy. (Dex -2) [Xom's mischief]
  2684 | D:4      | Gained mutation: You have an increased reservoir of magic.
                  | (+10% MP) [Xom's mischief]
  2809 | D:4      | XOM: 1-stop teleportation journey
  2899 | D:4      | XOM: give mutation
  2899 | D:4      | Gained mutation: You do not regenerate when monsters are
                  | visible. [Xom's mischief]
  2907 | D:4      | Reached skill level 9 in Axes
  2981 | D:4      | XOM: god gift: potion of curing
  3061 | D:5      | Entered Level 5 of the Dungeon
  3072 | D:5      | Reached XP level 8. HP: 58/69 MP: 8/8
  3173 | D:5      | Found a shimmering altar of Xom.
  3326 | D:5      | Got Weub's Volume of Called Spooky Action
  3460 | D:5      | XOM: god gift: 11 gold pieces
  3517 | D:5      | Reached skill level 10 in Axes
  3530 | D:5      | XOM: cloud trail
  3685 | D:6      | XOM: smoke on damage
  3691 | D:6      | XOM: noise
  3790 | D:6      | XOM: give mutations
  3790 | D:6      | Gained mutation: You expend magic power (3 MP) to
                  | strengthen your wands. [Xom's grace]
  3790 | D:6      | Gained mutation: You are covered in fur. (AC +1) [Xom's
                  | grace]
  3790 | D:6      | Gained mutation: You have a somewhat thin skeletal
                  | structure. (Dex +2, Stealth+) [Xom's grace]
  3790 | D:6      | Gained mutation: You have sharp fingernails. [Xom's grace]
  3804 | D:6      | Reached skill level 11 in Axes
  3839 | D:6      | Reached skill level 5 in Armour
  3892 | D:6      | Reached XP level 9. HP: 74/78 MP: 9/9
  3974 | D:6      | XOM: polymorph orc -> kobold
  4202 | D:6      | Found Ruptimpan's Magic Scroll Boutique.
  4205 | D:6      | Bought a scroll of identify for 22 gold pieces
  4205 | D:6      | Bought a scroll of identify for 22 gold pieces
  4205 | D:6      | Bought a scroll of enchant armour for 82 gold pieces
  4205 | D:6      | Bought a scroll of enchant armour for 82 gold pieces
  4205 | D:6      | Bought a scroll of identify for 22 gold pieces
  4324 | D:6      | XOM: divination: detect items
  4459 | D:7      | Found an iron altar of Okawaru.
  4545 | D:7      | Found a blossoming altar of Fedhas.
  4611 | D:7      | Found a staircase to the Ecumenical Temple.
  4619 | D:7      | Reached skill level 12 in Axes
  4867 | D:7      | XOM: snakes to sticks
  4904 | D:7      | Reached skill level 13 in Axes
  4918 | D:7      | XOM: summons 2 friendly demons
  4955 | D:7      | XOM: summons friendly quasit
  5077 | D:7      | XOM is BORED!
  5077 | D:7      | XOM: summons 1 hostile shadow creature
  5123 | D:7      | XOM: 4-stop teleportation journey
  5296 | D:7      | Reached XP level 10. HP: 88/88 MP: 11/11
  5400 | D:8      | XOM: confuse monster(s)
  5610 | D:8      | Found a glowing silver altar of Zin.
  5623 | D:8      | Noticed Pikel
  5631 | D:8      | XOM: fog
  5636 | D:8      | Killed Pikel
  5637 | D:8      | Reached skill level 14 in Axes
  5682 | D:8      | XOM: summons friendly ice devil
  5911 | D:8      | Found a glowing golden altar of the Shining One.
  5917 | D:8      | XOM: swap monsters
  5925 | D:8      | Found a broken altar of Ashenzari.
  6112 | D:9      | XOM: summons 3 hostile shadow creatures
  6124 | D:9      | XOM: 2-stop teleportation journey
  6341 | D:9      | Identified a scroll of acquirement
  6342 | D:9      | Acquired the +1 kite shield of Foug {Dex+3 Slay+3}
  6442 | D:9      | a yak changed into a harpy
  6442 | D:9      | Noticed a harpy
  6442 | D:9      | XOM: polymorph yak -> harpy
  6443 | D:9      | XOM: smoke on damage
  6449 | D:9      | Killed a harpy
  6450 | D:9      | Reached skill level 1 in Polearms
  6478 | D:9      | XOM: 1-stop teleportation journey
  6489 | D:9      | XOM: blink monster(s)
  6635 | D:9      | XOM: 2-stop teleportation journey
  6691 | D:9      | XOM: 1-stop teleportation journey
  6786 | D:9      | Reached skill level 15 in Axes
  6792 | D:9      | XOM: polymorph wyvern -> hog
  6798 | D:9      | Reached skill level 1 in Shields
  6975 | D:10     | Entered Level 10 of the Dungeon
  6986 | D:10     | Noticed a two-headed ogre
  6987 | D:10     | Reached skill level 5 in Dodging
  6999 | D:10     | Killed a two-headed ogre
  7000 | D:10     | Reached XP level 11. HP: 65/99 MP: 12/12
  7166 | D:10     | Killed from afar by a meliai

Illustrated notes

Levels and vault maps discovered:
D:1:      kilobyte_arrival_exit_the_forest, layout_rooms
D:2:      layout_loops_corners, minmay_misc_feat_four_crosses
D:3:      layout_basic, nicolae_overflow_hidden_temple
D:4:      layout_rooms, nicolae_dithmenos_shadow_blocks,
          nicolae_gozag_cash_rules_everything_around_me, uniq_sigmund,
          uniq_duvessa, uniq_blork_the_orc
D:5:      layout_cave_pools, dk_xom_monty_hall, serial_column_ruins,
          column_ruins_courtyard_long, column_ruins_hut_water,
          column_ruins_open_tiny, column_ruins_columns_corner,
          column_ruins_grid_1, column_ruins_corridor_straight,
          column_ruins_columns_straight, column_ruins_grid_1,
          column_ruins_columns_corner, grunt_ministairs_8, nicolae_titane
D:6:      layout_cave_pools, serial_shops, nicolae_shop_rolled_up,
          minmay_strange_pillars
D:7:      layout_rooms, mainiacjoe_overflow_large_starburst, temple_statues,
          serial_corexii_hall, corexii_hall_statues_s,
          chequers_hall_statues_corner_a
D:8:      layout_rooms, mainiacjoe_overflow_catwalk, mainiacjoe_overflow_swirl,
          uniq_pikel
D:9:      layout_long_grid, minmay_misc_feat_plants, kennysheep_generic_room_16
D:10:     layout_basic, nicolae_ru_path_of_blood, david_lair_generic

Skill      XL: |  1  2  3  4  5  6  7  8  9 10 11 |
---------------+----------------------------------+-----
Fighting       | 4 5 6 8 9 |  9.9
Dodging        | 1 2 3 4 5 |  5.1
Axes           | 5 6 8 9 11 13 15 | 15.7
Armour         | 3 4 5 |  5.9
Stealth        | 1 2 |  2.4
Polearms       | 1 |  1.0
Shields        | 1 2 |  2.1

Action                     |  1- 3 |  4- 6 |  7- 9 | 10-12 || total
---------------------------+-------+-------+-------+-------++-------
  Melee: Hand axe          |    87 |   109 |    12 |       ||   208
         Punch             |       |     1 |     3 |     1 ||     5
         War axe           |       |    10 |   258 |    98 ||   366
         Trident           |       |       |       |    21 ||    21
    Use: Scroll            |     6 |     2 |    14 |     8 ||    30
         Potion            |       |       |       |     2 ||     2
   Stab: Confused          |     1 |       |       |     1 ||     2
         Sleeping          |       |     1 |     1 |       ||     2
 Armour: Leather armour    |    36 |     1 |       |       ||    37
         Scale mail        |       |    18 |       |       ||    18
         Acid dragon scale |       |    10 |    70 |    49 ||   129
  Dodge: Dodged            |    54 |    63 |   222 |   111 ||   450
  Block: Kite shield       |       |       |       |    24 ||    24
